 Dungeon Crawl Stone Soup version 0.29.0-11-gd7f09526c8 (webtiles) character file.

Game seed: 12596171003517165483

150757 freelancePsychic the Warrior (level 17, -20/172 HPs)
             Began as an Ogre Enchanter on Sept 2, 2022.
             Was the Champion of Hepliaklqana.
             Demolished by a spriggan berserker
             ... wielding a +0 war axe
              (30 damage)
             ... on level 3 of the Swamp.
             The game lasted 01:17:52 (47981 turns).

freelancePsychic the Warrior (Ogre Enchanter)      Turns: 47981, Time: 01:17:53

Health: -20/172    AC: 20    Str: 16    XL:     17   Next: 54%
Magic:  4/31       EV:  6    Int: 27    God:    Hepliaklqana [******]
Gold:   2494       SH:  5    Dex: 23    Spells: 23/37 levels left

rFire   . . .      SeeInvis .   a - +6 giant spiked club (vorpal)
rCold   . . .      Faith    .   (shield currently unavailable)
rNeg    . . .      Spirit   .   k - +3 storm dragon scales
rPois   +          Reflect  +   m - +0 hat {Will+}
rElec   +          Harm     .   f - +2 cloak {Will+}
rCorr   .          Rampage  .   (gloves unavailable)
Will    +++..                   (boots unavailable)
Stlth   +.........              d - amulet of reflection
HPRegen 0.38/turn               Q - ring "Ingo" {*Corrode rPois Dex+8 Stlth+}
MPRegen 0.22/turn               g - ring "Ecoun" {Int+5 Dex+6}

@: very slow
A: reduced essence, large, unfitting armour, tough skin 1
a: Renounce Religion, Recall Ancestor, Ancestor Identity, Transference, Idealise


You were on level 3 of the Swamp.
You worshipped Hepliaklqana.
Hepliaklqana was exalted by your worship.
You visited 6 branches of the dungeon, and saw 28 of its levels.
You also visited: Sewer, Ossuary and Bailey.

You collected 3413 gold pieces.
You spent 919 gold pieces at shops.

Inventory:

Hand Weapons
 a - a +6 vorpal giant spiked club (weapon)
 b - the +8 long sword of Fate {drain, rN+}
   (You found it on level 10 of the Dungeon)

   A truly terrible weapon, it drains the life of any living foe it strikes.
   rN:        It protects you from negative energy.
Missiles
 h - 14 javelins
 X - 5 curare-tipped darts
Armour
 f - a +2 cloak of willpower (worn)
 k - +3 storm dragon scales (worn)
 m - a +0 hat of willpower (worn)
 n - +0 shadow dragon scales
 r - +0 swamp dragon scales
Jewellery
 d - an amulet of reflection (around neck)
 g - the ring "Ecoun" (right hand) {Int+5 Dex+6}
   (You found it on level 2 of the Dungeon)

   [ring of dexterity]

   Int:       It affects your intelligence (+5).
   Dex:       It affects your dexterity (+6).
 j - a ring of poison resistance
 N - an amulet of regeneration
 P - a ring of wizardry
 Q - the ring "Ingo" (left hand) {*Corrode rPois Dex+8 Stlth+}
   (You bought it in a shop on level 10 of the Dungeon)

   [ring of poison resistance]

   Dex:       It affects your dexterity (+8).
   rPois:     It protects you from poison.
   *Corrode:  It may corrode you when you take damage.
   Stlth:     It makes you more stealthy.
 R - a ring of willpower
 T - a ring of magical power
 V - a +4 ring of slaying
 W - an amulet of magic regeneration
 Z - a +4 ring of protection
Wands
 q - a wand of digging (6)
 y - a wand of paralysis (28)
 H - a wand of flame (55)
 L - a wand of roots (5)
Scrolls
 c - 2 scrolls of poison
 e - 3 scrolls of immolation
 i - 3 scrolls of butterflies
 l - 3 scrolls of noise
 v - 3 scrolls of amnesia
 w - 2 scrolls of vulnerability
 I - 2 scrolls of silence
 S - 7 scrolls of magic mapping
 U - 11 scrolls of identify {@r1}
 Y - a scroll of brand weapon
Potions
 o - 3 potions of mutation
 p - 4 potions of magic
 s - 2 potions of ambrosia
 t - 6 potions of attraction
 u - a potion of heal wounds {@q2}
 x - 3 potions of resistance
 z - 5 potions of curing {@q1}
 A - a potion of cancellation
 B - 4 potions of brilliance
 C - 4 potions of degeneration
 D - 2 potions of haste {@q3}
 E - 9 potions of lignification
 G - 8 potions of flight
 J - 6 potions of might
Miscellaneous
 M - a phial of floods


   Skills:
 + Level 17.5 Fighting
 - Level 2.9 Short Blades
 * Level 11.4 Maces & Flails
 - Level 7.9 Armour
 - Level 1.7 Dodging
 - Level 2.1 Stealth
 + Level 10.9 Spellcasting
 - Level 8.6 Conjurations
 - Level 2.6 Hexes
 - Level 7.3 Summonings
 - Level 12.5 Translocations
 - Level 11.3 Earth Magic
 - Level 1.4 Invocations


You had 23 spell levels left.
You knew the following spells:

 Your Spells              Type           Power      Damage    Failure   Level
a - Stone Arrow           Conj/Erth      100%       3d13      2%          3
b - Animate Armour        Summ/Erth      100%       N/A       11%         4
c - Manifold Assault      Tloc           70%        N/A       8%          5
d - Blink                 Tloc           100%       N/A       1%          2

Your spell library contained the following spells:

 Spells                   Type           Power      Damage    Failure   Level
 Sandblast                Erth           100%       2d20      1%          1
 Lesser Beckoning         Tloc           70%        N/A       1%          3
 Portal Projectile        Hex/Tloc       100%       N/A       6%          3
 Iskenderun's Mystic Bla  Conj/Tloc      64%        2d13      6%          4
 Passwall                 Tmut/Erth      37%        N/A       7%          2
 Call Canine Familiar     Summ           53%        N/A       7%          3
 Foxfire                  Conj/Fire      100%       2x1d9     9%          1
 Lee's Rapid Deconstruct  Erth           33%        3d18*     13%         5
 Dazzling Flash           Conj/Hex       90%        N/A       14%         3
 Slow                     Hex            100%       N/A       17%         1
 Conjure Flame            Conj/Fire      37%        6-21      26%         3
 Leda's Liquefaction      Hex/Erth       25%        N/A       26%         4
 Ensorcelled Hibernation  Hex/Ice        42%        N/A       41%         2
 Fulminant Prism          Conj/Hex       22%        3d13      43%         4
 Necrotise                Necr           56%        1d6       45%         1
 Sting                    Tmut/Pois      56%        1d5       45%         1
 Confusing Touch          Hex            29%        N/A       45%         3
 Tukima's Dance           Hex            29%        N/A       45%         3
 Poisonous Vapours        Pois/Air       28%        N/A       58%         2
 Scorch                   Fire           28%        2d6       58%         2
 Flame Wave               Conj/Fire      37%        2d10      63%         4
 Inner Flame              Hex/Fire       21%        N/A       65%         3
 Summon Ice Beast         Ice/Summ       34%        N/A       71%         4
 Borgnjor's Vile Clutch   Necr/Erth      22%        N/A       78%         5
 Frozen Ramparts          Ice            28%        1d5       83%         3
 Spider Form              Tmut/Pois      14%        N/A       83%         3
 Vampiric Draining        Necr           14%        2d7       83%         3
 Summon Mana Viper        Hex/Summ       41%        N/A       86%         5
 Anguish                  Hex/Necr       10%        N/A       96%         4
 Summon Cactus Giant      Summ           26%        N/A       98%         6
 Ice Form                 Ice/Tmut       14%        N/A       99%         4
 Olgreb's Toxic Radiance  Pois           14%        N/A       99%         4
 Alistair's Intoxication  Tmut/Pois      9%         N/A       100%        5
 Death Channel            Necr           7%         N/A       100%        6
 Eringya's Noxious Bog    Tmut/Pois      7%         N/A       100%        6
 Simulacrum               Ice/Necr       7%         N/A       100%        6
 Monstrous Menagerie      Summ           26%        N/A       100%        7
 Lehudib's Crystal Spear  Conj/Erth      31%        10d8      100%        8
 Necromutation            Tmut/Necr      7%         N/A       100%        8
 Death's Door             Necr           7%         N/A       100%        9


Dungeon Overview and Level Annotations

Branches:
Dungeon (15/15)            Temple (1/1) D:6            Lair (5/5) D:10
  Swamp (3/4) Lair:2       Spider (0/4) Lair:2        Slime (0/5) Lair:4
    Orc (2/2) D:10            Elf (2/3) Orc:2        Vaults (0/5) D:14
 Depths (0/4) D:15          Sewer (visited)         Ossuary (visited)
 Bailey (visited)

Altars:
Ashenzari
Cheibriados
Dithmenos
Elyvilon
Fedhas
Gozag
Hepliaklqana
Kikubaaqudgha
Makhleb
Nemelex Xobeh
Okawaru
Qazlal
Ru
Sif Muna
Trog
Uskayaw
Vehumet
Wu Jian
Xom
Yredelemnul
Zin
The Shining One
Jiyva

Shops:
D:7 (   D:10 =   D:13 (   Orc:2 [*(:

Annotations:
D:12 4 transporters
D:14 1 runed translucent door, 1 exclusion, Jaliuk's ghost, journeyman DECj
Lair:2 3 runed translucent doors, BubbleThief's ghost, novice NaVM
Lair:5 Sonja
Elf:1 4 runed translucent doors
Elf:2 3 runed translucent doors


Innate Abilities, Weirdness & Mutations

Your life essence is reduced to manifest your ancestor. (-10% HP)
You are too large for most types of armour.
You have tough skin. (AC +1)


Message History

The tyrant leech is engulfed in poison gas.
The tyrant leech looks even sicker.
Why would you want to do that?
The spriggan berserker is engulfed in poison gas.
The spriggan berserker looks as sick as possible!
The tyrant leech is engulfed in poison gas.
The tyrant leech looks even sicker.
The tyrant leech is engulfed in poison gas.
The tyrant leech looks as sick as possible!
The tyrant leech bites you.
* * * LOW HITPOINT WARNING * * *
The tyrant leech draws strength from your injuries!
The spriggan berserker is engulfed in poison gas.
The spriggan berserker looks as sick as possible!
The spriggan berserker hits you with a +0 war axe!
* * * LOW HITPOINT WARNING * * *
Something hits your animated storm dragon scales!
Unknown command.
You feel much better.
The spriggan berserker is engulfed in poison gas.
The spriggan berserker looks as sick as possible!
The spriggan berserker hits you with a +0 war axe!!
* * * LOW HITPOINT WARNING * * *
The tyrant leech is engulfed in poison gas.
The tyrant leech looks as sick as possible!
The tyrant leech bites you.
* * * LOW HITPOINT WARNING * * *
The tyrant leech draws strength from your injuries!
Something hits your animated storm dragon scales!
Okay, then.
Okay, then.
You feel much better.
The spriggan berserker is engulfed in poison gas.
The spriggan berserker looks as sick as possible!
The spriggan berserker hits you with a +0 war axe!!
* * * LOW HITPOINT WARNING * * *
The spriggan berserker is engulfed in poison gas.
The spriggan berserker looks as sick as possible!
The spriggan berserker hits you with a +0 war axe!!
You die...

~.~~.♣♣*♣♣♣ ....♣♣ ♣♣♣♣♣ ♣ ♣♣#**
***#.+,* ♣♣♣♣♣♣♣ *,,#.#,* ♣♣
♣♣♣.≈≈≈.♣♣♣♣♣♣ *,,'.##*
~♣♣♣.~≈~~~≈~§§§☼♣♣♣ ####..#**
≈~~~≈≈~~♣♣~§§§§w@i♣♣♣♣♣...).#,*
♣♣♣♣~~~♣♣♣♣♣♣♣♣§☼§†☼♣♣....i.#+#♣
♣♣♣♣♣ ♣♣♣§§§§§☼[†§./...♣
♣♣♣§☼§§~...~~~♣♣ ♣♣♣§§§~~~≈♣♣♣
♣♣♣♣≈≈♣♣♣ ♣♣♣♣


You could see a tyrant leech (extremely poisoned), a spriggan berserker
(berserk, regenerating, strong-willed, extremely poisoned, ally target) and a
friendly animated storm dragon scales (summoned).

Vanquished Creatures
  Frances (Swamp:2)
  Donald (Swamp:1)
  Nessos (D:15)
  A bunyip (Swamp:2)
  A deep elf demonologist (Elf:2)
  3 eleionomae
  A deep elf death mage (Elf:1)
  Harold (D:9)
  2 boulder beetles
  5 vault guards (D:14)
  A ghost crab (Swamp:2)
  10 hydras
  A centaur warrior (D:14)
  A merfolk avatar (Swamp:2)
  4 alligators
  7 two-headed ogres
  8 dancing weapons
  An orc high priest (Orc:2)
  2 deep elf knights (Elf:1)
  3 goliath frogs
  A deep troll (D:15)
  2 bog bodies
  5 spriggan druids
  5 swamp dragons
  3 deep elf archers
  A necromancer (Elf:1)
  A harpy (shapeshifter) (D:13)
  4 orc knights
  4 deep elf zephyrmancers
  A manticore (D:12)
  2 cyclopes
  10 deep elf pyromancers
  An orc sorcerer (Orc:2)
  An ugly thing (D:14)
  A will-o-the-wisp (Swamp:1)
  4 elephants (Lair:4)
  5 black mambas
  A torpor snail (Lair:3)
  4 cane toads
  2 komodo dragons (Lair:1)
  A rime drake (shapeshifter) (D:15)
  Psyche (D:11)
  A tengu conjurer (D:14)
  2 rime drakes
  6 trolls
  A tyrant leech (Swamp:3)
  4 hornets
  Grinder (D:4)
  4 blink frogs
  3 slime creatures (D:13)
  2 polar bears (Lair:1)
  A centaur simulacrum (D:15)
  A water elemental (Elf:2)
  4 culicivoras (Lair:2)
  26 yaks
  2 jumping spiders (Lair:2)
  4 air elementals (Elf:2)
  2 spriggans (Swamp:3)
  2 shadows
  2 wraiths
  3 wyverns
  A human (shapeshifter) (D:13)
  4 basilisks
  4 vampire mosquitoes
  A steam dragon (D:10)
  3 redbacks (Lair:2)
  2 acid dragons
  4 swamp worms
  A large abomination (Elf:1)
  2 hell hounds (D:14)
  6 water moccasins
  2 sky beasts
  2 swamp drakes
  24 orc warriors
  3 black bears
  3 ice beasts (D:7)
  4 centaurs
  7 ogres
  11 wolves
  A phantom (D:5)
  10 kobold brigands
  A nameless horror (D:12)
  2 elf zombies (Elf:1)
  A wyvern zombie (Ossuary)
  4 scorpions
  12 bullfrogs
  4 gnoll sergeants (D:10)
  2 earth elementals
  15 wights
  3 electric eels
  4 howler monkeys
  4 centaur zombies (Ossuary)
  5 bullfrog zombies (Ossuary)
  A jelly (D:5)
  Crazy Yiuf (D:7)
  A gnoll bouda (D:7)
  7 orc priests
  3 hounds
  Jessica (D:2)
  16 mummies (Ossuary)
  2 iguanas
  15 orc wizards
  8 hell rats
  8 killer bee zombies (Ossuary)
  Robin (D:2)
  11 gnolls
  11 adders
  2 river rats
  3 shadow imps
  A white imp (D:5)
  3 ufetubi
  2 worms
  2 dart slugs (D:2)
  48 orcs
  4 endoplasms
  4 giant cockroaches
  20 goblins
  5 hobgoblins
  12 kobolds
  7 quokkas
  11 ball pythons
  8 bats
  8 frilled lizards
  11 rats
575 creatures vanquished.

Vanquished Creatures (collateral kills)
  Saint Roka (Orc:2)
  A shadow dragon (D:13)
  A thorn hunter (Swamp:1)
  An orc warlord (D:10)
  3 fenstrider witches
  An eleionoma (Swamp:2)
  7 hydras
  8 boulder beetles
  A ghost crab (Swamp:1)
  3 vault guards (D:14)
  3 centaur warriors
  2 merfolk avatars (Swamp:2)
  An ogre mage (D:15)
  4 two-headed ogres
  6 dancing weapons
  2 tengu warriors
  3 alligators
  2 orc high priests
  A hell knight (D:15)
  4 deep elf knights
  A fire crab (Lair:3)
  2 goliath frogs (Swamp:2)
  4 spriggan druids
  2 swamp dragons
  3 wizards
  A bog body (Swamp:3)
  A lindwurm (Lair:3)
  A deep elf archer (Elf:1)
  A mana viper (shapeshifter) (D:15)
  An orc knight (Orc:1)
  6 deep elf pyromancers
  3 necromancers
  3 deep elf zephyrmancers
  An ugly thing (D:12)
  3 cyclopes
  2 will-o-the-wisps (Swamp:3)
  5 elephants (Lair:4)
  2 manticores
  A gargoyle (D:14)
  A black mamba (Lair:4)
  A cane toad (Lair:5)
  2 rime drakes (D:14)
  A komodo dragon (Lair:1)
  A kobold demonologist (D:11)
  2 trolls
  A polar bear (Lair:4)
  2 nameless horrors
  4 hornets
  2 slime creatures (D:13)
  2 tyrant leeches (Swamp:1)
  A centaur simulacrum (D:13)
  A jumping spider (Lair:2)
  4 blink frogs (Lair:2)
  A shadow (D:12)
  5 spriggans
  3 basilisks
  16 yaks
  4 wyverns (D:14)
  A steam dragon (D:9)
  A redback (Lair:2)
  A vampire mosquito (D:15)
  2 water moccasins
  5 swamp worms (Swamp:2)
  3 wargs (D:10)
  A swamp drake (Swamp:2)
  6 orc warriors
  A black bear (Lair:4)
  7 wolves
  3 ogres
  3 centaurs (D:12)
  An elf zombie (Elf:1)
  A bullfrog (D:9)
  An earth elemental (Elf:1)
  An orc priest (Orc:1)
  2 orc wizards
  A hell rat (D:14)
  11 orcs
  A rat (D:2)
  A plant (Swamp:3)
206 creatures vanquished.

Vanquished Creatures (others)
  2 bloated husks (Swamp:3)
  A wyvern (D:14)
  A swamp worm (Swamp:2)
  28 knights
  4 ancestors
  A hell rat (Lair:3)
  7 foxfires
  31 fungi
  37 plants
  6 withered plants (Ossuary)
118 creatures vanquished.

Grand Total: 899 creatures vanquished

Notes
Turn   | Place    | Note
-------+----------+-------------------------------------------
     0 | D:1      | freelancePsychic the Ogre Enchanter began the quest for the
                  | Orb.
     0 | D:1      | Reached XP level 1. HP: 16/16 MP: 3/3
   118 | D:1      | Reached skill level 1 in Short Blades
   196 | D:1      | Reached skill level 1 in Fighting
   355 | D:1      | Reached XP level 2. HP: 25/27 MP: 5/5
   687 | D:1      | Found a faded altar of an unknown god.
  1581 | D:2      | Reached skill level 2 in Fighting
  1581 | D:2      | Reached XP level 3. HP: 32/35 MP: 5/7
  1783 | D:2      | Found an ornate altar of the Wu Jian Council.
  2199 | D:2      | Reached XP level 4. HP: 44/44 MP: 8/8
  2228 | D:2      | Noticed Jessica
  2234 | D:2      | Killed Jessica
  2235 | D:2      | Reached skill level 1 in Conjurations
  2235 | D:2      | Reached skill level 1 in Earth Magic
  2278 | D:2      | Reached XP level 5. HP: 11/52 MP: 9/9
  2960 | D:2      | Identified the ring "Ecoun" {Int+5 Dex+6}
  3063 | D:2      | Noticed Robin
  3073 | D:2      | Killed Robin
  3074 | D:2      | Reached skill level 3 in Fighting
  3735 | D:3      | Reached XP level 6. HP: 56/61 MP: 10/10
  4028 | D:3      | Learned a level 3 spell: Stone Arrow
  4812 | D:4      | Found a glowing drain.
  4826 | Sewer    | Entered a sewer
  5044 | Sewer    | Reached skill level 4 in Fighting
  5239 | Sewer    | Reached XP level 7. HP: 71/71 MP: 1/11
  6460 | D:4      | Reached skill level 5 in Fighting
  6541 | D:4      | Noticed Grinder
  6544 | D:4      | Killed Grinder
  6545 | D:4      | Reached XP level 8. HP: 75/80 MP: 2/12
  6903 | D:5      | Entered Level 5 of the Dungeon
  7473 | D:5      | Reached skill level 5 in Conjurations
  7473 | D:5      | Reached skill level 5 in Earth Magic
  7700 | D:5      | Reached skill level 6 in Fighting
  8136 | D:6      | Reached XP level 9. HP: 91/91 MP: 7/14
  8485 | D:6      | Found an ornate altar of the Wu Jian Council.
  8647 | D:6      | Found a staircase to the Ecumenical Temple.
  8659 | Temple   | Entered the Ecumenical Temple
  8666 | Temple   | Became a worshipper of Hepliaklqana the Forgotten
  9257 | D:7      | Found a flagged portal.
  9286 | D:7      | Reached skill level 7 in Fighting
  9445 | Bailey   | Entered a bailey
 10262 | Bailey   | Noticed an orc knight
 10293 | Bailey   | Killed an orc knight
 10294 | Bailey   | Reached skill level 5 in Spellcasting
 10294 | Bailey   | Reached XP level 10. HP: 86/104 MP: 4/17
 10685 | D:7      | Found a runed translucent door.
 10686 | D:7      | Noticed Crazy Yiuf
 10809 | D:7      | Found Vaucid's Hydra Hut.
 10810 | D:7      | Noticed a five-headed hydra
 10869 | D:7      | Killed Crazy Yiuf
 10930 | D:8      | Reached skill level 8 in Fighting
 10930 | D:8      | Reached skill level 1 in Armour
 10938 | D:8      | Noticed a two-headed ogre
 10956 | D:8      | Killed a two-headed ogre
 11080 | D:8      | Found a sand-covered staircase.
 11086 | Ossuary  | Entered an ossuary
 12491 | Ossuary  | Identified the amulet of Elyvilon's Inspiration {Faith
                  | -Cast rN+ rCorr SInv}
 12593 | D:8      | Found a white marble altar of Elyvilon.
 12845 | D:8      | Found a stormy altar of Qazlal.
 13000 | D:8      | Reached skill level 9 in Fighting
 13245 | D:8      | Found a sacrificial altar of Ru.
 13368 | D:9      | Noticed a two-headed ogre
 13381 | D:9      | Killed a two-headed ogre
 13658 | D:9      | Reached XP level 11. HP: 115/115 MP: 1/19
 13995 | D:9      | Reached * piety under Hepliaklqana
 14250 | D:9      | Noticed Harold
 14257 | D:9      | Killed Harold
 14258 | D:9      | Reached skill level 5 in Armour
 14412 | D:9      | Noticed a two-headed ogre
 14418 | D:9      | Killed a two-headed ogre
 14795 | D:10     | Entered Level 10 of the Dungeon
 14823 | D:10     | Identified the +8 long sword of Fate {drain, rN+}
 14837 | D:10     | Reached skill level 10 in Fighting
 15049 | D:10     | Found Dutzadd Mose's Jewellery Shop.
 15057 | D:10     | Bought the ring "Ingo" {*Corrode rPois Dex+8 Stlth+} for
                  | 492 gold pieces
 15073 | D:10     | Found a staircase to the Lair.
 15314 | D:10     | Noticed a two-headed ogre
 15320 | D:10     | Killed a two-headed ogre
 15699 | D:10     | Found a staircase to the Orcish Mines.
 15702 | D:10     | Reached skill level 1 in Summonings
 15970 | D:10     | Reached XP level 12. HP: 90/115 MP: 4/20
 16205 | D:10     | Found an opulent altar of Gozag.
 16205 | D:10     | Found a glowing golden altar of the Shining One.
 16206 | D:10     | Found a shadowy altar of Dithmenos.
 16206 | D:10     | Found a hide-covered altar of Uskayaw.
 16207 | D:10     | Found a bloodstained altar of Trog.
 16209 | D:10     | Found an iron altar of Okawaru.
 16326 | D:11     | Reached ** piety under Hepliaklqana
 16327 | D:11     | Remembered your ancestor Grendel as a knight
 16343 | D:11     | Noticed Psyche
 16351 | D:11     | Killed Psyche
 16352 | D:11     | Reached skill level 11 in Fighting
 16663 | D:11     | Noticed a six-headed hydra
 17331 | D:11     | Learned a level 4 spell: Animate Armour
 17485 | D:11     | Noticed a two-headed ogre
 17487 | D:11     | Noticed a four-headed hydra
 17495 | D:11     | Killed a four-headed hydra
 17499 | D:11     | Killed a two-headed ogre
 17789 | D:11     | Identified the +4 battleaxe of Oenomania {spect, +Blink}
 17872 | Lair:1   | Entered Level 1 of the Lair of Beasts
 18596 | Lair:1   | Reached *** piety under Hepliaklqana
 18925 | Lair:1   | Reached skill level 12 in Fighting
 19717 | Lair:1   | Reached skill level 10 in Earth Magic
 19797 | Lair:2   | Reached skill level 5 in Summonings
 20021 | Lair:2   | Reached XP level 13. HP: 126/126 MP: 15/22
 20192 | Lair:2   | Found a runed translucent gate.
 20192 | Lair:2   | Found a runed translucent gate.
 20193 | Lair:2   | Found a runed translucent gate.
 20194 | Lair:2   | Noticed BubbleThief's ghost (novice NaVM)
 20562 | Lair:2   | Found a staircase to the Swamp.
 21333 | Lair:2   | Found a hole to the Spider Nest.
 21338 | Lair:2   | Reached **** piety under Hepliaklqana
 21529 | Lair:2   | Found a viscous altar of Jiyva.
 22262 | Lair:3   | Found a burning altar of Makhleb.
 23516 | Lair:4   | Reached skill level 13 in Fighting
 23795 | Lair:4   | Learned a level 5 spell: Manifold Assault
 24184 | Lair:4   | Found a viscous altar of Jiyva.
 24186 | Lair:4   | Found a staircase to the Slime Pits.
 24196 | Lair:4   | Reached skill level 1 in Translocations
 24270 | Lair:4   | Identified the +1 short sword of Destiny {vorpal, rPois rF+
                  | rN+ Int+2}
 24441 | Lair:4   | Reached ***** piety under Hepliaklqana
 24505 | Lair:4   | Reached skill level 1 in Maces & Flails
 24884 | Lair:5   | Entered Level 5 of the Lair of Beasts
 24981 | Lair:5   | Noticed Sonja
 25511 | D:12     | Reached XP level 14. HP: 137/137 MP: 15/25
 25826 | D:12     | Found a transporter.
 25830 | D:12     | Found a transporter.
 25863 | D:12     | Found a transporter.
 26160 | D:12     | Found a transporter.
 26693 | D:13     | Reached skill level 5 in Translocations
 26874 | D:13     | Noticed a shadow dragon
 26882 | D:13     | Killed a shadow dragon
 27106 | D:13     | Found Wosun's Weapon Shop.
 27162 | D:13     | Got Gloorx Vloq's Encyclopedia of Dusty Death
 28314 | D:14     | Found a runed translucent door.
 28321 | D:14     | Noticed Jaliuk's ghost (journeyman DECj)
 28330 | D:14     | Found a gate to the Vaults.
 28350 | D:14     | Reached skill level 5 in Maces & Flails
 29537 | D:14     | Identified a scroll of acquirement
 29572 | D:14     | Reached XP level 15. HP: 106/145 MP: 16/26
 29721 | D:14     | Acquired 724 gold pieces
 29945 | D:14     | Reached skill level 14 in Fighting
 30158 | D:14     | Found a bloodstained altar of Trog.
 30473 | D:15     | Entered Level 15 of the Dungeon
 30712 | D:15     | Reached skill level 10 in Translocations
 30917 | D:15     | Noticed Nessos
 30936 | D:15     | Killed Nessos
 31448 | D:15     | Found a staircase to the Depths.
 32219 | Orc:1    | Entered Level 1 of the Orcish Mines
 32324 | Orc:2    | Entered Level 2 of the Orcish Mines
 33699 | Orc:2    | Noticed an orc warlord
 34283 | D:10     | Killed an orc warlord
 34284 | D:10     | Reached skill level 15 in Fighting
 34927 | Orc:2    | Found Naos's Antique Weapon Emporium.
 34938 | Orc:2    | Found a staircase to the Elven Halls.
 34947 | Orc:2    | Found Wofapece's Book Shoppe.
 34947 | Orc:2    | Noticed Saint Roka
 34955 | Orc:2    | Killed Saint Roka
 35160 | Orc:2    | Found Siriu's General Store.
 35169 | Orc:2    | Bought 3 scrolls of magic mapping for 315 gold pieces
 35169 | Orc:2    | Bought a potion of magic for 112 gold pieces
 35347 | Orc:2    | Found Zampoex's Antique Armour Shop.
 35620 | Elf:1    | Entered Level 1 of the Elven Halls
 35620 | Elf:1    | Noticed a deep elf sorcerer
 35620 | Elf:1    | Found a runed translucent gate.
 35620 | Elf:1    | Found a runed translucent gate.
 35620 | Elf:1    | Found a runed translucent gate.
 35620 | Elf:1    | Found a runed translucent gate.
 35620 | Elf:1    | Found a runed translucent gate.
 35620 | Elf:1    | Found a runed translucent gate.
 35621 | Elf:1    | Found a runed translucent door.
 35716 | Elf:1    | Found a runed translucent door.
 35931 | Elf:1    | Reached ****** piety under Hepliaklqana
 36350 | Elf:1    | Reached XP level 16. HP: 138/158 MP: 7/27
 37638 | Elf:1    | Got the Encyclopedia of Stolen Souls
 38661 | Elf:2    | Paralysed by an air elemental for 1 turns
 38797 | Elf:2    | Paralysed by an air elemental for 1 turns
 39622 | Elf:2    | Reached skill level 16 in Fighting
 39870 | Elf:2    | Found a runed translucent gate.
 39871 | Elf:2    | Found a runed translucent gate.
 39871 | Elf:2    | Found a runed translucent gate.
 40297 | Swamp:1  | Entered Level 1 of the Swamp
 40310 | Swamp:1  | Noticed a fenstrider witch
 40418 | Swamp:1  | Killed a fenstrider witch
 41762 | Swamp:1  | Noticed Donald
 41769 | Swamp:1  | Killed Donald
 41915 | Swamp:1  | Learned a level 2 spell: Blink
 42119 | Swamp:1  | Noticed a thorn hunter
 42125 | Swamp:1  | Killed a thorn hunter
 42888 | Swamp:2  | Identified the +6 great sword of Voaffib {freeze, rCorr
                  | Str+6 Dex-5}
 43329 | Swamp:2  | You fall into a shaft and drop 1 floor!
 43792 | Swamp:2  | Noticed a fenstrider witch
 43804 | Swamp:2  | Reached skill level 10 in Maces & Flails
 43804 | Swamp:2  | Reached XP level 17. HP: 170/170 MP: 0/30
 43836 | Swamp:2  | Reached skill level 10 in Spellcasting
 43874 | Swamp:2  | Noticed Frances
 44528 | Swamp:2  | Killed Frances
 44788 | Swamp:2  | Reached skill level 17 in Fighting
 45428 | Swamp:2  | Reached skill level 1 in Invocations
 46338 | Swamp:2  | Acquired a +0 hat of willpower
 47981 | Swamp:3  | Demolished by a spriggan berserker

Illustrated notes

Levels and vault maps discovered:
D:1:      doesnt_arrival_eight_statues, layout_basic,
          shapermc_ecumenical_altar_flowoftime, chequers_avenue, minmay_cupped
D:2:      layout_loops_ring, serial_bayou, serial_bayou_pond_d,
          serial_bayou_pond_b, serial_bayou_ford_a, serial_bayou_shore_a,
          serial_bayou_shore_b, basic_altar, uniq_jessica, uniq_robin
D:3:      layout_basic, saegor_snake_ambush
D:4:      layout_loops_ring, cheibrodos_sewer_entry_sluice,
          kennysheep_generic_room_7, uniq_grinder
D:5:      layout_loops_ring
D:6:      layout_cave_pools, nzn_wu_jian_council_hall,
          minmay_temple_entry_overgrown
D:7:      layout_rooms, enter_bailey_5, doesnt_shop_hydraphobe,
          uniq_crazy_yiuf_cottage
D:8:      layout_rooms, nicolae_ru_sacrificial_ziggurat, grunt_qazlal_clouds,
          mainiacjoe_overflow_cross_hatched, nicolae_ossuary_entry_plus
D:9:      layout_gridville, uniq_harold
D:10:     layout_irregular_city, minitemple, erik_lair_island,
          kennysheep_orc_monster_closet_entryway, serial_shops, shop,
          chequers_serial_rivers_micro_d, minmay_door_square,
          minmay_misc_feat_iff
D:11:     layout_loops_cross, serial_glass, glass_columns_b, glass_columns_a,
          serial_bayou_pond_d, uniq_psyche
D:12:     layout_loops_ring, chequers_serial_rivers_micro_d,
          nicolae_transporter_circle
D:13:     minmay_mutant_horseshoe, layout_basic, serial_shops,
          nicolae_shop_bloodbath_and_beyond
D:14:     kennysheep_green_arena, layout_layer_cave, erik_vaults_2,
          hellmonk_ghost_happy_afterlife, special_room
          [special_room_mythical_zoo], trog_butcher_becter
D:15:     hangedman_depths_entry_civil_slaughter, layout_basic, minivault_23,
          uniq_nessos
Temple:   nicolae_temple_no_exploring_needed
Lair:1:   layout_gridlike, serial_forest, infiniplex_forest_lined_2,
          infiniplex_forest_straight_2, infiniplex_forest_clump_tiny,
          infiniplex_forest_corner_1, infiniplex_forest_zigzag_1,
          infiniplex_forest_straight_5, infiniplex_forest_join,
          infiniplex_staircase_pool
Lair:2:   layout_regular_city, swamp_mist_pool,
          nicolae_spider_entry_tight_spaces, gammafunk_ghost_ooze
Lair:3:   layout_regular_city, basic_altar
Lair:4:   layout_gridlike, slime_entry_1, lemuel_fruit_tree
Lair:5:   minmay_lair_end_frog_pond, layout_gridlike,
          nicolae_lair_run_with_the_wolves, uniq_sonja
Swamp:1:  layout_basic_swamp, evilmike_swamp_ruin_rubble_2, swamp_pool4,
          uniq_donald
Swamp:2:  nzn_winding_woodlands_cross [nzn_winding_woodlands_5x15_sidewinder,
          nzn_winding_woodlands_5x15_eye, nzn_winding_woodlands_5x15_default,
          nzn_winding_woodlands_5x15_longhouse,
          nzn_winding_woodlands_15x15_witchcraft], layout_basic_swamp,
          evilmike_swamp_ruin_house_1, swamp_pool2, grunt_lady_of_the_lake,
          uniq_frances
Swamp:3:  cheibrodos_swamp_heart_of_darkness, layout_basic_swamp,
          nicolae_swamp_well_well_well
Orc:1:    lemuel_ogre_cave, layout_caves, nicolae_orc_bridge_out, uniq_erolcha
Orc:2:    grunt_orc_gardens, layout_caves, grunt_orc_garden, grunt_orc_garden,
          grunt_orc_garden, grunt_orc_garden, uniq_saint_roka
Elf:1:    nicolae_elf_arrival_dilemma, layout_onion_city, minmay_elf_necromancy
Elf:2:    nicolae_elf_blades_crystal_corner, layout_loops_corners, st_stairs_12,
          nicolae_elf_glass_and_crystal_pillar_2

Skill      XL: |  1  2  3  4  5  6  7  8  9 10 11 12 13 14 15 16 17 |
---------------+----------------------------------------------------+-----
Short Blades   | 1 2 |  2.9
Fighting       | 1 2 3 4 5 6 7 9 10 12 13 15 16 17 | 17.5
Spellcasting   | 3 5 6 7 9 10 | 10.9
Conjurations   | 1 2 3 4 5 7 8 |  8.6
Earth Magic    | 1 3 4 5 7 8 10 11 | 11.3
Armour         | 4 6 7 |  7.9
Summonings     | 1 5 7 |  7.3
Translocations | 3 9 11 12 | 12.5
Maces & Flails | 2 5 7 10 11 | 11.4
Invocations    | 1 |  1.4
Dodging        | |  1.7
Stealth        | |  2.1
Hexes          | |  2.6

Action                   |  1- 3 |  4- 6 |  7- 9 | 10-12 | 13-15 | 16-18 || total
-------------------------+-------+-------+-------+-------+-------+-------++-------
Melee: Dagger            |   136 |   197 |    87 |   386 |       |       ||   806
       Punch             |     1 |     3 |     3 |     8 |       |       ||    15
       Long sword        |       |       |       |    86 |    42 |       ||   128
       Giant spiked club |       |       |       |       |   212 |   451 ||   663
Throw: Javelin           |     5 |     9 |     1 |     1 |       |       ||    16
       Throwing net      |       |       |       |       |     3 |       ||     3
 Cast: Stone Arrow       |       |    24 |   115 |   205 |   215 |       ||   559
       Animate Armour    |       |       |       |       |    61 |    24 ||    85
       Manifold Assault  |       |       |       |       |   101 |   270 ||   371
Invok: Recall Ancestor   |       |       |       |     1 |     6 |     3 ||    10
       Ancestor Life: Kn |       |       |       |     1 |       |       ||     1
       Ancestor Identity |       |       |       |     1 |       |       ||     1
Evoke: Wand              |       |       |       |     5 |     3 |     3 ||    11
       Phial of floods   |       |       |       |       |       |     1 ||     1
  Use: Scroll            |     4 |     8 |    10 |    14 |    15 |    24 ||    75
       Potion            |     1 |     3 |     4 |     2 |     3 |    13 ||    26
 Stab: Sleeping          |     3 |     4 |     6 |       |       |       ||    13
       Invisible         |     2 |       |     1 |       |       |       ||     3
       Distracted        |       |       |       |     1 |     4 |     2 ||     7
Armor: Robe              |    55 |    42 |    13 |     2 |       |       ||   112
       Storm dragon scal |       |       |       |   341 |   119 |   164 ||   624
       Shadow dragon sca |       |       |       |       |    92 |       ||    92
Dodge: Dodged            |    67 |    72 |    63 |   129 |    63 |    50 ||   444
Block: Other             |       |       |     2 |   109 |    94 |    42 ||   247
       Reflection        |       |       |       |     1 |     4 |     4 ||     9
